 Dungeon Crawl Stone Soup version 0.25.1-9-gc5326a611f (webtiles) character file.

Game seed: 8607116316094260143

133371 tsbored the Tortoise (level 16, -11/119 HPs)
             Began as a Minotaur Fighter on Dec 18, 2020.
             Was the Champion of Nemelex Xobeh.
             Collided with a metal wall (18 damage)
             ... caused by a wretched star
             ... on level 4 of the Abyss on Dec 22, 2020.
             The game lasted 01:56:57 (35474 turns).

tsbored the Tortoise (Minotaur Fighter)            Turns: 35474, Time: 01:56:58

Health: -11/119    AC: 22    Str: 23 (24) XL:     16   Next: 59%
Magic:  0/25       EV: 12    Int:  5 (8)  God:    Nemelex Xobeh [******]
Gold:   1561       SH: 14    Dex: 10      Spells: 15/15 levels left

rFire    + . .     SeeInvis .   M - +6 hand axe
rCold    + . .     Gourm    .   c - +0 kite shield
rNeg     . . .     Faith    .   a - +2 plate armour {MR+}
rPois    .         Spirit   +   n - +2 hat
rElec    .         Reflect  .   S - scarf {rC+ rF+}
rCorr    .         Harm     .   Y - +1 pair of gloves {archery}
MR       ++++.                  L - +2 pair of boots {run}
Stlth    ..........             A - amulet of guardian spirit
HPRegen  0.29/turn              U - ring of the Mage {Wiz MR++ Int+3}
MPRegen  0.19/turn              N - ring of magical power

@: mighty, very slightly contaminated, invisible, quick
A: retaliatory headbutt, horns 2, [deformed body], [deterioration 2], [frail 2],
[low mp 3], [weak 2]
a: Draw Escape, Draw Destruction, Draw Summoning, Triple Draw, Deal Four, Stack
Five, Renounce Religion


You were on level 4 of the Abyss.
You worshipped Nemelex Xobeh.
Nemelex Xobeh was exalted by your worship.
You were not hungry.

You visited 5 branches of the dungeon, and saw 26 of its levels.
You visited the Abyss 1 time.

You collected 2666 gold pieces.
You spent 1105 gold pieces at shops.

Inventory:

Hand Weapons
 G - the +7 spear "Ummonnu" {vorpal, Int+7}
   (You found it on level 1 of the Lair of Beasts)

   It inflicts extra damage upon your enemies.
   It affects your intelligence (+7).
 J - a +1 war axe of flaming
 M - a +6 hand axe (weapon)
 V - a +2 vorpal battleaxe
Armour
 a - a +2 plate armour of magic resistance (worn)
 c - a +0 kite shield (worn)
 n - a +2 hat (worn)
 u - a +1 chain mail of poison resistance
 L - a +2 pair of boots of running (worn)
 S - a scarf of resistance (worn)
 Y - a +1 pair of gloves of archery (worn)
Jewellery
 p - an uncursed ring of fire
 q - a +4 ring of protection {unknown}
 w - an uncursed ring of ice
 z - a +6 ring of dexterity
 A - an amulet of guardian spirit (around neck)
 E - a +6 ring of intelligence
 K - an uncursed ring of poison resistance {unknown}
 N - a ring of magical power (right hand)
 P - a cursed amulet of inaccuracy {unknown}
 U - the ring of the Mage (left hand) {Wiz MR++ Int+3}
   (You found it on level 8 of the Dungeon)

   [ring of wizardry]

   It improves your spell success rate.
   It affects your intelligence (+3).
   It affects your resistance to hostile enchantments.
 W - an uncursed ring of resist corrosion
Wands
 l - a wand of paralysis (3)
 x - a wand of clouds (6)
 y - a wand of disintegration (73)
 D - a wand of polymorph (3)
 O - a wand of enslavement (5)
 R - a wand of iceblast (11)
Scrolls
 b - 8 scrolls of enchant weapon
 j - 8 scrolls of teleportation
 k - 3 scrolls of fear
 o - 7 scrolls of magic mapping
 r - 6 scrolls of immolation
 s - 2 scrolls of fog
 C - a scroll of torment
 F - 2 scrolls of blinking
 H - a scroll of remove curse
 T - 2 scrolls of holy word
 X - a scroll of silence
 Z - a scroll of enchant armour
Potions
 d - 2 potions of might
 e - 2 potions of resistance
 h - a potion of cancellation
 i - 8 potions of curing
 m - 7 potions of flight
 t - a potion of stabbing
 v - 2 potions of invisibility
 B - a potion of berserk rage
 I - 3 potions of lignification
Comestibles
 f - 48 rations


   Skills:
 + Level 15.3 Fighting
 + Level 15.1 Axes
 + Level 15.4 Armour
 * Level 11.8 Dodging
 - Level 15.0 Shields
 + Level 12.4 Invocations


You had 15 spell levels left.
You didn't know any spells.
Your spell library contained the following spells:

 Spells                   Type           Power        Failure   Level  Hunger
 Animate Skeleton         Necr           N/A          85%         1    ##.....
 Apportation              Tloc           #.....       85%         1    ##.....
 Corona                   Hex            #......      85%         1    ##.....
 Pain                     Necr           #...         85%         1    ##.....
 Summon Butterflies       Summ           #.......     85%         1    ##.....
 Summon Small Mammal      Summ           #...         85%         1    ##.....
 Call Canine Familiar     Summ           #.......     99%         3    ####...
 Dazzling Flash           Conj/Hex       #.....       99%         3    ####...
 Static Discharge         Conj/Air       #.......     99%         3    ####...
 Vampiric Draining        Necr           #.........   99%         3    ####...
 Animate Dead             Necr           N/A          100%        4    #####..
 Sticky Flame             Conj/Fire      #.......     100%        4    #####..
 Summon Ice Beast         Ice/Summ       #.......     100%        4    #####..
 Agony                    Necr           #.......     100%        5    ######.
 Bolt of Magma            Conj/Fire/Erth #.........   100%        5    ######.
 Iskenderun's Battlesphe  Conj/Chrm      #.......     100%        5    ######.
 Lightning Bolt           Conj/Air       #.........   100%        5    ######.
 Summon Mana Viper        Hex/Summ       #.......     100%        5    ######.
 Iron Shot                Conj/Erth      #.........   100%        6    #######
 Orb of Destruction       Conj           #.........   100%        7    #######
 Spellforged Servitor     Conj/Summ      #.........   100%        7    #######
 Summon Hydra             Summ           #.........   100%        7    #######
 Ignition                 Fire           #.........   100%        8    #######
 Shatter                  Erth           #.........   100%        9    #######
 Tornado                  Air            #.........   100%        9    #######


Dungeon Overview and Level Annotations

Branches:
Dungeon (15/15)            Temple (1/1) D:7            Lair (6/6) D:11
 Shoals (0/4) Lair:3        Snake (0/4) Lair:4        Slime (0/5) Lair:5
    Orc (2/2) D:10            Elf (2/3) Orc:2        Vaults (0/5) D:13
 Depths (0/5) D:15

Altars:
Ashenzari
Cheibriados
Dithmenos
Elyvilon
Fedhas
Gozag
Hepliaklqana
Kikubaaqudgha
Makhleb
Nemelex Xobeh
Okawaru
Qazlal
Ru
Sif Muna
Trog
Uskayaw
Vehumet
Wu Jian
Xom
Yredelemnul
Zin
The Shining One
Jiyva

Shops:
D:8 [   D:15 ?   Orc:2 *!%?

Portals:
Trove: D:15 (give 5 potions of resistance)

Annotations:
D:8 2 transporters


Innate Abilities, Weirdness & Mutations

You reflexively headbutt those who attack you in melee.
You have a pair of horns on your head.
[Armour fits poorly on your strangely shaped body.]
[Your body often deteriorates upon taking damage.]
[You are very frail. (-20% HP)]
[Your magical capacity is extremely low. (-30% MP)]
[You are very weak. (Str -4)]


Message History

The starcursed mass shrieks in your mind.
* * * LOW HITPOINT WARNING * * *
A wretched star comes into view.
A starcursed mass splits.
The wretched star pulses with an eldritch light!
You feel less energetic. x2; You feel weaker. x2
A starcursed mass splits. x2
The wretched star glows turbulently.
The lance of force hits you!
* * * LOW HITPOINT WARNING * * *
Okay, then.
The wretched star pulses with an eldritch light!
Your body twists and deforms.
A starcursed mass splits. x2
The wretched star glows turbulently.
The lance of force hits you!!
* * * LOW HITPOINT WARNING * * *
Your body deteriorates!
You feel dopey.
You die...
Your body glows with a rainbow of weird colours and disappears.

##..## ## #..... ##
###......## #.
#.#.##...#. .### #
#..##.#....#.#.. #
......#.. ##..... #.
##X.#..#.......#.
#.##X#..... ..#..#.#
#..@.#.#.####.....##
#..#..#XX...X...#.. #.
...#......v.....#..##.##
# #..#..*#.#....#...#.#
#...###..#....... ..#.
..##. #.#...#..)...#. #
##. # #.# ##.#...#.#.#.
# .#. ... #..#.## . #.
###....#.##.


You could see 4 starcursed masses, a wretched star, a spatial vortex (wandering)
and a large abomination (wandering).

Vanquished Creatures
  Rupert (Lair:5)
  Gastronok (D:10)
  An entropy weaver (Lair:1)
  2 deep elf annihilators
  A fire dragon (Lair:6)
  Josephine (Orc:1)
  A great orb of eyes (Lair:5)
  The ghost of thromnambular the Nimble, a journeyman FeEn of Sif Muna (Lair:3)
  A rakshasa (D:15)
  3 hydras
  2 centaur warriors (D:15)
  An ogre mage (D:13)
  8 two-headed ogres
  8 dancing weapons
  2 orc high priests
  A death yak (Lair:5)
  9 deep elf knights
  A wretched star (Abyss:4)
  An unseen horror (D:15)
  A swamp dragon (Lair:6)
  9 deep elf archers
  A lindwurm (Elf:1)
  5 orc knights
  Pikel (D:7)
  5 orc sorcerers (Orc:2)
  A cyclops (shapeshifter) (D:13)
  42 deep elf magi
  3 cyclopes
  16 ugly things
  A manticore (D:12)
  8 black mambas
  A water nymph (shapeshifter) (D:15)
  Maurice (Orc:1)
  A dire elephant skeleton (Abyss:4)
  8 spiny frogs
  7 elephants
  A gargoyle (D:13)
  4 kobold demonologists
  7 komodo dragons
  4 rime drakes
  A meliai (shapeshifter) (D:15)
  A tengu conjurer (D:11)
  A polar bear (Lair:5)
  13 trolls
  6 meliai
  A raiju (Abyss:4)
  2 hornets
  11 hippogriffs
  Prince Ribbit (D:7)
  18 blink frogs
  15 dream sheep
  4 slime creatures (D:15)
  5 starcursed masses (Abyss:4)
  An air elemental (Elf:1)
  2 shadows
  3 wraiths (Orc:1)
  A human (D:2)
  4 vampires
  25 yaks
  A yak (shapeshifter) (D:15)
  7 wyverns
  A wyvern (shapeshifter) (D:15)
  6 basilisks
  2 water elementals
  5 vampire mosquitoes (D:15)
  A chaos spawn (Abyss:4)
  3 steam dragons
  4 nagas (Lair:4)
  3 acid dragons
  6 wargs
  3 soldier ants
  18 water moccasins
  A floating eye (Elf:1)
  15 porcupines
  22 orc warriors
  5 ice beasts
  3 sky beasts
  A large abomination (Abyss:4)
  11 ogres
  An eye of draining (D:13)
  A black bear (D:11)
  2 necrophages
  6 wolves
  25 centaurs
  15 crocodiles
  5 boggarts (D:15)
  3 big kobolds
  17 bullfrogs
  A small abomination (Abyss:4)
  A gnoll sergeant (D:5)
  3 earth elementals
  6 scorpions
  41 killer bees
  11 wights
  7 electric eels
  4 howler monkeys
  A lava snake (Lair:5)
  5 crimson imps
  4 centaur zombies
  A quasit (D:11)
  5 jellies
  5 bullfrog zombies
  4 centaur skeletons
  14 orc priests
  5 hounds
  An iron imp (Abyss:4)
  26 orc wizards
  A bullfrog skeleton (D:11)
  6 iguanas
  7 worker ants
  5 hell rats (Lair:3)
  9 adders
  16 gnolls
  15 river rats (Lair:3)
  2 shadow imps
  10 oozes (D:2)
  An adder skeleton (D:8)
  2 adder zombies
  3 worms
  4 dart slugs
  8 leopard geckos
  86 orcs
  3 bats
  4 giant cockroaches
  5 goblins
  14 hobgoblins
  22 jackals
  14 quokkas
  2 ball pythons
  4 frilled lizards
  A goblin zombie (D:7)
  A jackal skeleton (D:4)
  22 kobolds
  A kobold zombie (D:2)
  2 leopard gecko skeletons
  2 quokka skeletons (D:6)
  2 quokka zombies
  17 rats
  10 fungi
  14 plants
941 creatures vanquished.

Vanquished Creatures (collateral kills)
  Frances (D:12)
  The ghost of Cheops the Martial Artist, a journeyman GnTm of Okawaru (Lair:3)
  2 hydras (Lair:2)
  A catoblepas (D:13)
  2 orc high priests (Orc:2)
  2 death yaks (Lair:5)
  A tengu warrior (D:13)
  2 orc knights (Orc:2)
  2 oklob plants
  4 ugly things (D:14)
  A manticore (Lair:2)
  2 black mambas
  2 spiny frogs
  A troll (D:13)
  A queen bee (Lair:2)
  A hippogriff (D:10)
  3 blink frogs
  3 dream sheep (Lair:6)
  A wyvern (Lair:2)
  Menkaure (D:7)
  5 orc warriors (Orc:2)
  A crocodile (Lair:6)
  A big kobold (D:10)
  A scorpion (D:7)
  3 killer bees (Lair:2)
  4 orc priests (Orc:2)
  5 orc wizards
  A worker ant (D:10)
  3 orcs (Orc:2)
  6 kobolds (D:10)
  4 bushes (Lair:3)
  2 plants (Lair:2)
70 creatures vanquished.

Vanquished Creatures (others)
  4 fungi
  9 plants
  10 toadstools (D:2)
  4 withered plants (Lair:3)
27 creatures vanquished.

Grand Total: 1038 creatures vanquished

Notes
Turn   | Place    | Note
-------+----------+-------------------------------------------
     0 | D:1      | tsbored the Minotaur Fighter began the quest for the Orb.
     0 | D:1      | Reached XP level 1. HP: 19/19 MP: 0/0
   398 | D:1      | Reached XP level 2. HP: 26/27 MP: 1/1
   863 | D:2      | Found a radiant altar of Vehumet.
   963 | D:2      | Found a blossoming altar of Fedhas.
   964 | D:2      | Found a glowing golden altar of the Shining One.
   965 | D:2      | Found a shattered altar of Ashenzari.
   979 | D:2      | Reached XP level 3. HP: 23/33 MP: 2/2
  1034 | D:2      | Reached XP level 4. HP: 11/41 MP: 3/3
  1297 | D:2      | Found a runed translucent door.
  1297 | D:2      | Noticed a human
  1300 | D:2      | Found a basalt altar of Yredelemnul.
  1327 | D:2      | Killed a human
  1327 | D:2      | Reached skill level 5 in Fighting
  1327 | D:2      | Reached skill level 5 in Armour
  1327 | D:2      | Reached skill level 5 in Shields
  1327 | D:2      | Reached XP level 5. HP: 33/48 MP: 4/4
  1511 | D:2      | Reached XP level 6. HP: 53/56 MP: 5/5
  1986 | D:3      | Found a shimmering blue altar of Sif Muna.
  2651 | D:3      | Found a faded altar of an unknown god.
  2719 | D:3      | Found a sparkling altar of Nemelex Xobeh.
  2723 | D:3      | Became a worshipper of Nemelex Xobeh the Trickster
  2962 | D:4      | Received a gift from Nemelex Xobeh
  3006 | D:4      | Found an ancient bone altar of Kikubaaqudgha.
  3075 | D:4      | Reached skill level 5 in Axes
  3075 | D:4      | Reached XP level 7. HP: 24/62 MP: 6/6
  3484 | D:4      | Reached * piety under Nemelex Xobeh
  3701 | D:4      | Received a gift from Nemelex Xobeh
  4239 | D:5      | Entered Level 5 of the Dungeon
  4257 | D:5      | Reached skill level 1 in Invocations
  4782 | D:5      | Reached XP level 8. HP: 64/71 MP: 8/8
  5827 | D:6      | Reached XP level 9. HP: 51/79 MP: 10/10
  6031 | D:6      | Received a gift from Nemelex Xobeh
  6055 | D:6      | Reached ** piety under Nemelex Xobeh
  6384 | D:6      | Received a gift from Nemelex Xobeh
  6822 | D:7      | Noticed Prince Ribbit
  6841 | D:7      | Killed Prince Ribbit
  7450 | D:7      | Found a staircase to the Ecumenical Temple.
  7470 | D:7      | Reached skill level 5 in Invocations
  7586 | D:7      | Noticed Menkaure
  7593 | D:7      | Killed Menkaure
  7721 | D:7      | Noticed Pikel
  7727 | D:7      | Killed Pikel
  7727 | D:7      | Reached XP level 10. HP: 90/90 MP: 11/13
  7990 | D:7      | Reached *** piety under Nemelex Xobeh
  8015 | D:7      | Received a gift from Nemelex Xobeh
  8627 | D:8      | Found a transporter.
  8629 | D:8      | Noticed an ogre mage
  8630 | D:8      | Noticed a seven-headed hydra
  8664 | D:8      | Found a hazy altar of Hepliaklqana.
  8668 | D:8      | Found a transporter.
  8686 | D:8      | Received a gift from Nemelex Xobeh
  8748 | D:8      | Found Ewyudem's Armour Shop.
  8751 | D:8      | Bought a +0 pair of boots for 49 gold pieces
  8999 | D:8      | Found the ring of the Mage {Wiz MR++ Int+3}
  9657 | D:8      | Upgraded the game from 0.25.1-8-g42b30a86e7 to
                  | 0.25.1-9-gc5326a611f
 10191 | D:9      | Noticed a +0 dagger
 10191 | D:9      | Noticed a +0 hand axe
 10193 | D:9      | Found a hide-covered altar of Uskayaw.
 10425 | D:9      | Reached **** piety under Nemelex Xobeh
 10471 | D:10     | Entered Level 10 of the Dungeon
 10716 | Temple   | Entered the Ecumenical Temple
 11068 | D:10     | Reached skill level 10 in Fighting
 11068 | D:10     | Reached skill level 10 in Armour
 11084 | D:10     | Reached skill level 10 in Shields
 11376 | D:10     | Received a gift from Nemelex Xobeh
 11404 | D:10     | Reached XP level 11. HP: 89/99 MP: 13/15
 11525 | D:10     | Found a staircase to the Orcish Mines.
 11665 | D:10     | Noticed Gastronok
 11692 | D:10     | Killed Gastronok
 11692 | D:10     | Reached skill level 10 in Axes
 12212 | D:11     | Received a gift from Nemelex Xobeh
 12388 | D:11     | Noticed Erolcha
 12390 | D:11     | Noticed Erolcha
 12390 | D:11     | Erolcha changed into Erolcha the soldier ant
 12395 | D:11     | Killed Erolcha the soldier ant
 12416 | D:11     | Noticed a red ugly thing
 12418 | D:11     | Killed a red ugly thing
 13171 | D:11     | Received a gift from Nemelex Xobeh
 13577 | D:11     | Received a gift from Nemelex Xobeh
 13578 | D:11     | Identified the +0 trident of Guile {freeze, rPois rC+ rN+}
 13769 | D:11     | Reached ***** piety under Nemelex Xobeh
 13914 | D:11     | Found a staircase to the Lair.
 13935 | Lair:1   | Entered Level 1 of the Lair of Beasts
 14171 | Lair:1   | Got a smoking spear
 14172 | Lair:1   | Identified the +7 spear "Ummonnu" {vorpal, Int+7} (You
                  | found it on level 1 of the Lair of Beasts)
 14484 | Lair:1   | Received a gift from Nemelex Xobeh
 14595 | Lair:1   | Noticed a five-headed hydra
 14602 | Lair:1   | Noticed an entropy weaver
 14602 | Lair:1   | a five-headed hydra changed into an entropy weaver
 14603 | Lair:1   | Killed an entropy weaver
 15140 | Lair:1   | Reached XP level 12. HP: 92/110 MP: 17/17
 15621 | Lair:2   | Noticed a seven-headed hydra
 15629 | Lair:2   | Killed an eight-headed hydra
 16506 | Lair:2   | Received a gift from Nemelex Xobeh
 16965 | Lair:2   | Received a gift from Nemelex Xobeh
 17031 | Lair:2   | Noticed a five-headed hydra
 17042 | Lair:2   | Killed a five-headed hydra
 17577 | Lair:3   | Received a gift from Nemelex Xobeh
 17619 | Lair:3   | Found a runed translucent gate.
 17619 | Lair:3   | Found a runed translucent gate.
 17619 | Lair:3   | Found a runed translucent gate.
 17619 | Lair:3   | Noticed thromnambular's ghost (journeyman FeEn)
 17619 | Lair:3   | Noticed Cheops's ghost (journeyman GnTm)
 18122 | Lair:3   | Reached XP level 13. HP: 110/119 MP: 19/19
 18365 | Lair:3   | Received a gift from Nemelex Xobeh
 18385 | Lair:3   | Found a staircase to the Shoals.
 18742 | Lair:3   | Killed Cheops's ghost
 18757 | Lair:3   | Killed thromnambular's ghost
 18777 | Lair:3   | Identified a +0 pair of boots of running (You found it on
                  | level 3 of the Lair of Beasts)
 20122 | Lair:4   | Found a staircase to the Snake Pit.
 20379 | Lair:5   | Noticed Rupert
 20567 | Lair:5   | Killed Rupert
 20567 | Lair:5   | Reached skill level 10 in Invocations
 21149 | Lair:5   | Reached skill level 1 in Dodging
 21252 | Lair:5   | Received a gift from Nemelex Xobeh
 21336 | Lair:5   | Found a viscous altar of Jiyva.
 21337 | Lair:5   | Found a staircase to the Slime Pits.
 21718 | Lair:5   | Reached ****** piety under Nemelex Xobeh
 21740 | Lair:5   | Received a gift from Nemelex Xobeh
 22086 | Lair:6   | Entered Level 6 of the Lair of Beasts
 22420 | Lair:6   | Reached XP level 14. HP: 99/129 MP: 16/20
 22920 | Lair:6   | Received a gift from Nemelex Xobeh
 23129 | Lair:6   | Reached skill level 5 in Dodging
 23774 | Lair:6   | Received a gift from Nemelex Xobeh
 24459 | D:12     | Noticed Frances
 24479 | D:12     | Killed Frances
 24603 | D:12     | Received a gift from Nemelex Xobeh
 25758 | D:13     | Found a gate to the Vaults.
 25774 | D:13     | Received a gift from Nemelex Xobeh
 26408 | D:14     | Received a gift from Nemelex Xobeh
 26496 | D:14     | Identified the +2 long sword "Jaidgh" {freeze, rC+ SInv}
 27082 | D:15     | Entered Level 15 of the Dungeon
 27250 | D:15     | Reached XP level 15. HP: 119/138 MP: 19/22
 27252 | D:15     | Found Rydghon's Magic Scroll Shoppe.
 27298 | D:15     | Bought a scroll of holy word for 135 gold pieces
 27298 | D:15     | Bought a scroll of silence for 135 gold pieces
 27949 | D:15     | Found a portal to a secret trove of treasure.
 27950 | D:15     | Received a gift from Nemelex Xobeh
 28642 | D:15     | Found a staircase to the Depths.
 29005 | Orc:1    | Entered Level 1 of the Orcish Mines
 29005 | Orc:1    | Noticed Maurice
 29314 | Orc:1    | Noticed Josephine
 29323 | Orc:1    | Killed Maurice
 29327 | Orc:1    | Killed Josephine
 29387 | Orc:1    | Found an iron altar of Okawaru.
 29591 | Orc:2    | Entered Level 2 of the Orcish Mines
 29906 | Orc:2    | Received a gift from Nemelex Xobeh
 30025 | Orc:2    | Found a staircase to the Elven Halls.
 30746 | Orc:2    | Found Plog's Assorted Antiques.
 30746 | Orc:2    | Found Diubbyd's Distillery.
 30759 | Orc:2    | Found Riamyh's Magic Scroll Shop.
 30759 | Orc:2    | Found Vac Umat's Food Emporium.
 30815 | Orc:2    | Bought a potion of berserk rage for 60 gold pieces
 30815 | Orc:2    | Bought 2 potions of curing for 72 gold pieces
 30817 | Orc:2    | Bought a scroll of torment for 82 gold pieces
 30817 | Orc:2    | Bought a scroll of acquirement for 572 gold pieces
 30983 | Orc:1    | Acquired a +2 plate armour of magic resistance
 31016 | Elf:1    | Entered Level 1 of the Elven Halls
 31040 | Elf:1    | Reached skill level 10 in Dodging
 31873 | Elf:1    | Received a gift from Nemelex Xobeh
 32270 | Elf:1    | Reached XP level 16. HP: 68/147 MP: 16/23
 32811 | Elf:1    | Reached skill level 15 in Armour
 33002 | Elf:1    | Reached skill level 15 in Shields
 33011 | Elf:1    | Reached skill level 15 in Fighting
 33048 | Elf:1    | Paralysed by a floating eye for 4 turns
 33333 | Elf:1    | Received a gift from Nemelex Xobeh
 33904 | Elf:1    | Identified the Reference Book on Creative Conjuration
 34217 | Elf:1    | Received a gift from Nemelex Xobeh
 34738 | Elf:2    | Reached skill level 15 in Axes
 35014 | Elf:2    | Received a gift from Nemelex Xobeh
 35058 | Elf:2    | Found a huge runed translucent gate.
 35058 | Elf:2    | Found a huge runed translucent gate.
 35058 | Elf:2    | Found a huge runed translucent gate.
 35058 | Elf:2    | Found a huge runed translucent gate.
 35064 | Elf:2    | Found a huge runed translucent gate.
 35303 | Elf:2    | Cast into level 4 of the Abyss (+3 halberd of distortion)
 35474 | Abyss:4  | Collided with a metal wall

Illustrated notes

Levels and vault maps discovered:
D:1:      giann_wishing_wells, layout_basic
D:2:      cheibrodos_fertilizer, layout_basic, fiery_altar_vehumet,
          grunt_temple_overflow_open, dk_yredelemnul_ordeal
D:3:      minmay_skewed_foursquare, layout_basic,
          nemelex_xobeh_ov_fountains_minmay, chequers_ecumenical_altar_twisty,
          first_ration, led_sif_book
D:4:      layout_layer_cave, old_standard_altar
D:5:      layout_basic
D:6:      layout_basic, minmay_fractal_squares_diagonal_5
D:7:      layout_basic, temple_fountains, enter_ossuary_4, uniq_pikel,
          uniq_menkaure, uniq_prince_ribbit1
D:8:      layout_loops_ring, gammafunk_temple_overflow_arena, serial_shops,
          nicolae_shop_behind_doors
D:9:      layout_cave_pools, dancing_weapons_uskayaw
D:10:     layout_basic, orc_0_dummy, uniq_gastronok
D:11:     layout_rooms, grunt_lair_entry_orc_guard_hut, serial_co_window_serial,
          co_window_of_opportunity_a, co_window_corner_a, co_window_corner_a,
          co_window_paths_a, co_window_of_opportunity_a,
          co_window_of_opportunity_b, co_window_of_opportunity_c,
          co_window_corner_b, co_window_unsneaky_path_e, co_window_corner_ca,
          co_window_of_opportunity_b, co_window_corner_b, co_window_4corner_a,
          glass_columns_c, grunt_tengu_nest, uniq_erolcha
D:12:     layout_cave_pools, lemuel_nasty_fountain, uniq_frances
D:13:     layout_basic, david_vaults_2
D:14:     layout_roguey, minmay_staircase_bubble
D:15:     gammafunk_enter_depths_forms, layout_loops_ring, nrook_pool_corridor,
          enter_trove_1, serial_shops, shop, minmay_misc_feat_more_columns
Temple:   nicolae_temple_figure_eight
Lair:1:   layout_long_grid, serial_bayou, serial_bayou_pond_e,
          serial_bayou_lake_a, serial_bayou_pond_d, serial_bayou_lagoon_b,
          grunt_forest_stairs_basic, hibernation_bobbens
Lair:2:   regret_index_wax_grids, layout_regular_city, serial_bayou_crossing,
          minmay_lair_oklob_chamber
Lair:3:   lemuel_ratsnest, layout_loops_ring, elwin_shoals_entry_rocks,
          gammafunk_ghost_cemetery, minmay_lair_oklob_bushes
Lair:4:   layout_cave_shapes, guppyfry_snake_entry_island
Lair:5:   layout_gridlike, dpeg_slime_entry_enclosed_altar, uniq_rupert
Lair:6:   guppyfry_lair_end_dragon, layout_gridlike
Orc:1:    layout_caves, okawaru_metal_pillars_1_2, uniq_josephine, uniq_maurice
Orc:2:    grunt_orc_tribal_feast, layout_caves, nooodl_orcs_dogs
Elf:1:    eino_elf_arrival_sip, layout_loops_corners, minmay_elf_sorcery,
          dk_noncrumbling_3, onia_ninara_cookie
Elf:2:    layout_geoelf_diagonals, nrook_loot_triangle
Abyss:4:  base: Snake:2, base: D:12, minivault_13,
          gammafunk_abyss_rune_reverse_zot, minivault_28,
          gammafunk_abyss_rune_reverse_zot, evilmike_abyss_exit_6,
          evilmike_abyss_exit_6, evilmike_abyss_rune_elephants_shrine

Skill      XL: |  1  2  3  4  5  6  7  8  9 10 11 12 13 14 15 16 |
---------------+-------------------------------------------------+-----
Fighting       | 4 5 6 7 8 10 11 12 13 14 15 | 15.3
Axes           | 3 4 5 7 8 9 10 12 13 14 15 | 15.1
Armour         | 4 5 6 7 9 10 11 12 13 14 15 | 15.4
Shields        | 4 5 6 7 8 10 11 12 13 14 15 | 15.0
Invocations    | 2 3 5 6 8 9 10 11 12 | 12.4
Dodging        | 4 7 10 11 | 11.8

Action                   |  1- 3 |  4- 6 |  7- 9 | 10-12 | 13-15 | 16-18 || total
-------------------------+-------+-------+-------+-------+-------+-------++-------
Melee: War axe           |    55 |   115 |   114 |       |       |       ||   284
       Headbutt          |    12 |    17 |    53 |   166 |   391 |    81 ||   720
       Hand axe          |       |     7 |   208 |   800 |  1428 |   405 ||  2848
Invok: Draw Destruction  |       |       |    12 |    15 |    49 |    11 ||    87
       Draw Summoning    |       |       |     3 |     9 |    13 |       ||    25
       Draw Escape       |       |       |       |       |     2 |     2 ||     4
       Deal Four         |       |       |       |       |     4 |     1 ||     5
       Triple Draw       |       |       |       |       |       |     1 ||     1
  Use: Scroll            |       |     6 |       |     9 |    13 |       ||    28
       Potion            |       |       |       |     2 |       |     6 ||     8
 Stab: Invisible         |       |       |       |       |       |     2 ||     2
  Eat: Chunk             |       |     7 |    15 |    30 |    29 |     9 ||    90
       Ration            |       |       |       |     1 |     4 |     1 ||     6
Armor: Scale mail        |    22 |    62 |    44 |       |       |       ||   128
       Chain mail        |       |       |    72 |   235 |       |       ||   307
       Plate armour      |       |       |       |   159 |   445 |   130 ||   734
Dodge: Dodged            |    27 |    46 |   100 |   175 |   344 |    81 ||   773
Block: Kite shield       |    36 |    66 |   170 |   491 |   690 |   144 ||  1597
